 Dungeon Crawl Stone Soup version 0.19.0-18-g426998a (webtiles) character file.

660 Jerry the Cutter (level 7, -1/42 HPs)
             Began as a Kobold Assassin on Nov 12, 2016.
             Slain by a phantom (4 damage)
             ... on level 4 of the Dungeon.
             The game lasted 00:12:27 (4258 turns).

Jerry the Cutter (Kobold Assassin)                  Turns: 4258, Time: 00:12:28

Health: -1/42      AC: 15    Str: 10    XL:     7   Next: 86%
Magic:  7/7        EV: 15    Int: 12    God:
Gold:   196        SH:  0    Dex: 17    Spells: 0 memorised, 6 levels left

rFire  . . .     SeeInvis .     y - +0 dagger (protect)
rCold  . . .     Gourm    .     t - +2 ring mail {rN+}
rNeg   + . .     Faith    .     (shield restricted)
rPois  .         Spirit   .     (no helmet)
rElec  .         Reflect  .     d - +0 cloak
rCorr  .         Harm     .     (no gloves)
MR     .....                    (no boots)
Stlth  ++........               (no amulet)
                                (no ring)
                                (no ring)

@: protection aura, slowed, very slow
A: carnivore 3
a: no special abilities


You were on level 4 of the Dungeon.
You were very full.

You visited 1 branch of the dungeon, and saw 4 of its levels.

You collected 196 gold pieces.

Inventory:

Hand Weapons
 a - a +2 dagger
 b - a +0 blowgun
 y - a +0 dagger of protection (weapon)
Missiles
 e - 25 poisoned needles
 f - 2 curare-tipped needles
Armour
 c - a +0 robe
 d - a +0 cloak (worn)
 p - a +0 ring mail
 t - a +2 ring mail of positive energy (worn)
Scrolls
 i - 2 scrolls of enchant armour
 k - a scroll of blinking {unknown}
 m - a scroll of random uselessness {unknown}
 o - 2 scrolls of fear {unknown}
 s - a scroll of fog
 u - a scroll of enchant weapon {unknown}
 v - a scroll of recharging {unknown}
 x - a scroll of remove curse {unknown}
 z - a scroll of teleportation {unknown}
Potions
 j - a potion of haste {unknown}
 l - a potion of heal wounds
 q - a potion of invisibility {unknown}
 r - 2 potions of magic {unknown}
 w - a potion of lignification {unknown}
Comestibles
 g - 3 meat rations
 h - 3 beef jerkies


   Skills:
 - Level 3.9 Fighting
 + Level 6.0 Short Blades
 - Level 2.1 Throwing
 + Level 3.3 Armour
 + Level 5.2 Dodging
 - Level 5.3 Stealth


You had 6 spell levels left.
You didn't know any spells.

Dungeon Overview and Level Annotations

Branches:
Dungeon (4/15)
 Temple: D:4-7

Altars:

Shops:
D:4 ?


Innate Abilities, Weirdness & Mutations

You are small and have problems with some larger weapons.
You are carnivorous and can eat meat at any time.


Message History

You feel yourself slow down.
The orc wizard hits you but does no damage.
You hit the orc wizard but do no damage.
The orc wizard is almost dead.
The phantom hits you but does no damage.
The orc wizard misses you.
Your ring mail prevents you from hitting the orc wizard.
The orc wizard is almost dead.
The orc wizard misses you. The phantom barely misses you.
The orc wizard hits you but does no damage.
You hit the orc wizard but do no damage.
The orc wizard is almost dead.
The phantom hits you but does no damage.
The orc wizard barely misses you.
You hit the orc wizard but do no damage.
The orc wizard is almost dead.
The orc wizard closely misses you. The phantom hits you!
* * * LOW HITPOINT WARNING * * *
The orc wizard closely misses you. The phantom hits you.
You die...

.....###
...>...###
#.......#
####......#####
#.............
...........###.#
...............#
........##W#####
........##@.)..#
###
........#.o.##.#
##.#
#.....#.#.#.##.#
#..#
#####.#.#.#.##.#
...####
#.....#.##.#
......#
###.....##.#######
..###.#
########.......#
..# #.#
#........... ..#
#.# #.########.#


You could see a phantom and an orc wizard.

Vanquished Creatures
  The ghost of Rrauwl the Shield-Bearer, an amateur FoFi of Hepliaklqana (D:3)
  An ogre (D:4)
  A centaur (D:3)
  3 hounds (D:4)
  Jessica (D:2)
  3 orc wizards
  2 worker ants (D:4)
  7 adders
  2 oozes (D:1)
  3 worms (D:2)
  A dart slug (D:2)
  2 leopard geckos
  3 orcs
  2 ball pythons
  5 bats
  3 giant cockroaches
  5 goblins
  3 hobgoblins
  2 jackals (D:3)
  2 quokkas
  2 frilled lizards (D:2)
  9 kobolds
  8 rats
71 creatures vanquished.

Vanquished Creatures (others)
  An orc wizard (D:4)
1 creature vanquished.

Grand Total: 72 creatures vanquished

Notes
Turn   | Place    | Note
-------+----------+-------------------------------------------
     0 | D:1      | Jerry the Kobold Assassin began the quest for the Orb.
     0 | D:1      | Reached XP level 1. HP: 12/12 MP: 1/1
   107 | D:1      | Reached skill level 3 in Short Blades
   425 | D:1      | Reached XP level 2. HP: 17/18 MP: 2/2
   616 | D:1      | Reached XP level 3. HP: 20/22 MP: 3/3
  1463 | D:2      | Reached skill level 1 in Armour
  1463 | D:2      | Reached XP level 4. HP: 13/27 MP: 4/4
  1862 | D:2      | Noticed Jessica
  1892 | D:2      | Killed Jessica
  1941 | D:2      | Reached XP level 5. HP: 31/32 MP: 5/5
  2525 | D:3      | Noticed a centaur
  2543 | D:3      | Killed a centaur
  2543 | D:3      | Reached skill level 4 in Short Blades
  2543 | D:3      | Reached XP level 6. HP: 33/38 MP: 6/6
  2670 | D:3      | Noticed Rrauwl's ghost (amateur FoFi)
  3372 | D:3      | Killed Rrauwl's ghost
  3372 | D:3      | Reached skill level 5 in Short Blades
  3372 | D:3      | Reached XP level 7. HP: 39/42 MP: 7/7
  3770 | D:4      | Found Jula's Magic Scroll Emporium.
  4102 | D:4      | Reached skill level 5 in Dodging
  4190 | D:4      | Reached skill level 6 in Short Blades
  4258 | D:4      | Slain by a phantom

Skill      XL: |  1  2  3  4  5  6  7 |
---------------+----------------------+-----
Short Blades   | 3 4 5 6 |  6.0
Dodging        | 2 3 4 5 |  5.2
Armour         | 1 2 3 |  3.3
Fighting       | 3 |  3.9
Throwing       | |  2.1
Stealth        | |  5.3

Action                   |  1- 3 |  4- 6 |  7- 9 || total
-------------------------+-------+-------+-------++-------
Melee: Dagger            |   103 |   232 |   243 ||   578
 Fire: Blowgun           |     8 |       |       ||     8
  Use: Scroll            |       |     4 |       ||     4
       Potion            |       |     1 |       ||     1
 Stab: Sleeping          |     3 |     5 |     2 ||    10
       Distracted        |       |     1 |       ||     1
  Eat: Chunk             |     5 |    11 |     3 ||    19
Armor: Robe              |    15 |       |       ||    15
       Ring mail         |     2 |    56 |    63 ||   121
Dodge: Dodged            |    68 |    92 |   119 ||   279
